 Dungeon Crawl Stone Soup version bcrawl-1.19.2-6-g6a88ae04c9 (webtiles) character file.

Game seed: 12195808611326193249

2094 Mrkan the Basher (level 9, -5/78 HPs)
             Began as a Minotaur Fighter on Jan 7, 2020.
             Was a Believer of Yredelemnul.
             Slain by a two-headed ogre
             ... wielding a +0 giant club
              (6 damage)
             ... on level 7 of the Dungeon.
             The game lasted 00:08:14 (6559 turns).

Mrkan the Basher (Minotaur Fighter)                 Turns: 6559, Time: 00:08:14

Health: -5/78      AC: 13    Str: 20    XL:     9   Next: 7%
Magic:  3/3        EV:  6    Int:  5    God:    Yredelemnul [**....]
Gold:   505        SH: 11    Dex: 19    Spells: 8/8 levels left

rFire    . . .     SeeInvis .   A - +7 spear "Estrui" {antimagic, Dex+5}
rCold    . . .     Gourm    .   c - +0 shield
rNeg     . . .     Faith    .   t - +0 chain mail
rPois    .         Spirit   .   (helmet restricted)
rElec    .         Reflect  .   o - +0 cloak
rCorr    .         Harm     .   (no gloves)
MR       .....                  e - +0 pair of boots
Stlth    ..........             (no amulet)
HPRegen  0.23/turn              (no ring)
MPRegen  0.08/turn              (no ring)

@: no status effects
A: retaliatory headbutt, horns 2
a: Animate Remains, Recall Undead Slaves, Injury Mirror, Renounce Religion


You were on level 7 of the Dungeon.
You worshipped Yredelemnul.
Yredelemnul was pleased with you.
You were hungry.

You visited 1 branch of the dungeon, and saw 7 of its levels.

You collected 505 gold pieces.

Inventory:

Hand Weapons
 a - a +0 flail
 A - the +7 spear "Estrui" (weapon) {antimagic, Dex+5}
   (You took it off a crimson imp on level 7 of the Dungeon)

   It reduces the magical energy of the wielder, and disrupts the spells and
   magical abilities of those hit.
   Natural abilities and divine invocations are not affected.
   It affects your dexterity (+5).
 B - a +0 whip
Armour
 c - a +0 shield (worn)
 e - a +0 pair of boots (worn)
 o - a +0 cloak (worn)
 t - a +0 chain mail (worn)
Jewellery
 k - a cursed ring of see invisible {unknown}
 m - an uncursed ring of ice {unknown}
 p - a cursed -4 ring of protection {unknown}
 v - an uncursed ring of insulation {unknown}
 x - an uncursed ring of resist corrosion {unknown}
 y - a +5 ring of slaying {unknown}
Scrolls
 g - 4 scrolls of identify {unknown}
 i - 2 scrolls of amnesia {unknown}
 j - 2 scrolls of blinking {unknown}
 l - 7 scrolls of remove curse {unknown}
 r - a scroll of enchant weapon {unknown}
 u - 3 scrolls of teleportation {unknown}
 w - 2 scrolls of fear {unknown}
Potions
 b - 2 potions of brilliance {unknown}
 d - a potion of might
 h - 3 potions of flight {unknown}
 n - 2 potions of curing {unknown}
 q - 3 potions of lignification {unknown}
 s - a potion of haste
 z - a potion of degeneration {unknown}
Comestibles
 f - 9 rations {!d}


   Skills:
 + Level 6.9 Fighting
 - Level 8.7 Maces & Flails
 * Level 0.0 Polearms
 + Level 6.8 Armour
 + Level 7.0 Shields
 + Level 4.3 Invocations


You had 8 spell levels left.
You didn't know any spells.
Your spell library contained the following spells:

 Spells                   Type           Power        Failure   Level  Hunger
 Flame Tongue             Conj/Fire      #....        100%        1    ##.....
 Flaming Arrows           Chrm/Fire      #.......     100%        2    ###....
 Conjure Flame            Conj/Fire      #.......     100%        3    ####...
 Inner Flame              Hex/Fire       N/A          100%        3    ####...
 Sticky Flame             Conj/Fire      #.......     100%        4    #####..
 Fireball                 Conj/Fire      #.........   100%        5    ######.


Dungeon Overview and Level Annotations

Branches:
Dungeon (7/12)             Temple (0/1) D:4
   Lair: D:7-9

Altars:
Yredelemnul

Shops:
D:6 [


Innate Abilities, Weirdness & Mutations

You reflexively headbutt those who attack you in melee.
You have a pair of horns on your head.


Message History

You see here a +1 dagger of venom.
Things that are here:
a +0 club; a +0 leather armour
Found a +0 short sword.
You puncture the two-headed ogre! You headbutt the two-headed ogre.
The two-headed ogre is moderately wounded.
The two-headed ogre hits you with a +0 giant club! x2
* * * LOW HITPOINT WARNING * * *
You hit the two-headed ogre.
The two-headed ogre is moderately wounded.
The two-headed ogre hits you with a +0 giant club.
* * * LOW HITPOINT WARNING * * *
The two-headed ogre hits you with a +0 giant club!
* * * LOW HITPOINT WARNING * * *
You puncture the two-headed ogre!
The two-headed ogre is heavily wounded.
The two-headed ogre barely misses you.
The two-headed ogre hits you with a +0 giant club.
You die...
Your body rises from the dead as a mindless zombie.

###.###..... #.#.........
#.#.........
###..........)
.....#.#.#.........
#..#.#.#.#.........
....#...#......... #
###...#.###oO........ .
.....#o# #.@......... # #.
...#.# #............
#.#.####.#.###............
#.........o))).........o#
###....#.).###.........(#
######[#))####..........##
#^.....#..##............##
#.......>.##.#..........#>
#..<....#.##.####..######


You could see a two-headed ogre and an orc.

Vanquished Creatures
  A manticore (D:7)
  A steam dragon (D:6)
  An ice beast (D:6)
  3 sky beasts (D:4)
  A centaur (D:5)
  2 gnoll sergeants
  3 howler monkeys
  2 crimson imps
  2 centaur skeletons
  5 hounds
  An orc priest (D:5)
  A jelly (D:6)
  3 orc wizards
  A worker ant (D:4)
  10 gnolls
  5 adders
  2 dart slugs
  3 leopard geckos
  7 orcs
  6 giant cockroaches
  3 hobgoblins
  8 jackals
  2 quokkas
  2 ball pythons (D:1)
  3 bats
  A frilled lizard (D:1)
  6 goblins
  8 kobolds
  5 rats
  A spectral orc (D:2)
99 creatures vanquished.

Vanquished Creatures (collateral kills)
  An orc warrior (D:5)
  2 centaurs
  A water moccasin zombie (D:5)
  A scorpion (D:4)
  A howler monkey (D:7)
  A centaur skeleton (D:6)
  2 hounds (D:5)
  2 orc priests
  An orc wizard (D:5)
  A hound zombie (D:6)
  3 gnolls
  2 adders
  An ooze (D:4)
  An adder skeleton (D:6)
  An adder zombie (D:5)
  10 orcs
  2 jackals (D:5)
  A ball python (D:6)
34 creatures vanquished.

Vanquished Creatures (others)
  A wraith (D:7)
  3 wights (D:7)
4 creatures vanquished.

Grand Total: 137 creatures vanquished

Notes
Turn   | Place    | Note
-------+----------+-------------------------------------------
     0 | D:1      | Mrkan the Minotaur Fighter began the quest for the Orb.
     0 | D:1      | Reached XP level 1. HP: 19/19 MP: 0/0
   250 | D:1      | Reached XP level 2. HP: 27/27 MP: 1/1
   277 | D:1      | Reached skill level 3 in Maces & Flails
   937 | D:2      | Reached XP level 3. HP: 30/33 MP: 2/2
  1280 | D:2      | Found a basalt altar of Yredelemnul.
  1690 | D:2      | Became a worshipper of Yredelemnul the Dark
  1865 | D:3      | Reached XP level 4. HP: 40/40 MP: 3/3
  1871 | D:3      | Reached skill level 4 in Maces & Flails
  2117 | D:3      | Reached skill level 1 in Invocations
  2824 | D:4      | Found a staircase to the Ecumenical Temple.
  2842 | D:4      | Noticed a sky beast
  2850 | D:4      | Killed a sky beast
  2850 | D:4      | Reached XP level 5. HP: 32/47 MP: 3/5
  3003 | D:4      | Noticed a sky beast
  3011 | D:4      | Killed a sky beast
  3011 | D:4      | Reached skill level 5 in Maces & Flails
  3011 | D:4      | Reached skill level 5 in Shields
  3011 | D:4      | Reached XP level 6. HP: 47/55 MP: 6/6
  3196 | D:4      | Reached skill level 5 in Fighting
  3201 | D:4      | Reached skill level 5 in Armour
  3208 | D:4      | Reached * piety under Yredelemnul
  3215 | D:4      | Reached XP level 7. HP: 41/61 MP: 7/7
  3572 | D:4      | Reached skill level 6 in Maces & Flails
  3875 | D:5      | Entered Level 5 of the Dungeon
  4751 | D:5      | Reached skill level 7 in Maces & Flails
  4751 | D:5      | Reached XP level 8. HP: 58/70 MP: 9/9
  5018 | D:6      | Reached ** piety under Yredelemnul
  5120 | D:6      | Found Xoyl's Antique Armour Emporium.
  5884 | D:7      | Identified the +7 spear "Estrui" {antimagic, Dex+5}
  5894 | D:7      | Reached skill level 8 in Maces & Flails
  6116 | D:7      | Noticed a manticore
  6136 | D:7      | Killed a manticore
  6136 | D:7      | Reached XP level 9. HP: 20/78 MP: 11/11
  6421 | D:7      | Noticed a two-headed ogre
  6558 | D:7      | HP: 1/78 [two-headed ogre/+0 giant club (9)]
  6559 | D:7      | Slain by a two-headed ogre

Skill      XL: |  1  2  3  4  5  6  7  8 |
---------------+-------------------------+-----
Maces & Flails | 3 4 5 7 8 |  8.7
Shields        | 4 5 6 7 |  7.0
Fighting       | 4 5 6 |  6.9
Armour         | 4 5 6 |  6.8
Invocations    | 1 2 3 4 |  4.3

Action                   |  1- 3 |  4- 6 |  7- 9 || total
-------------------------+-------+-------+-------++-------
Melee: Flail             |    75 |    91 |   149 ||   315
       Headbutt          |    12 |    15 |    36 ||    63
       Spear             |       |       |    12 ||    12
  Eat: Chunk             |     3 |     4 |    10 ||    17
Armor: Scale mail        |    56 |    15 |       ||    71
       Chain mail        |       |    40 |   113 ||   153
Dodge: Dodged            |    37 |    22 |    45 ||   104
Block: Shield            |    59 |    42 |   121 ||   222
